 Dungeon Crawl Stone Soup version 0.26-a0-1181-gd376ed14c5 (webtiles) character file.

Game seed: 2504919245100525128

214795 Arthanis the Pyromancer (level 18, 0/94 HPs)
             Began as a Deep Elf Fire Elementalist on Dec 26, 2020.
             Was the Champion of Vehumet.
             Slain by a bone dragon (16 damage)
             ... on level 4 of the Swamp.
             The game lasted 01:47:00 (44211 turns).

Arthanis the Pyromancer (DEFE)                     Turns: 44211, Time: 01:47:01

Health: 0/94       AC:  9    Str:  5    XL:     18   Next: 68%
Magic:  3/42       EV: 23    Int: 29    God:    Vehumet [******]
Gold:   1592       SH: 10    Dex: 15    Spells: 2/54 levels left

rFire    + . .     SeeInvis .   D - +5 flail "Metsaseu" {drain, rPois rC+}
rCold    . . .     Faith    .   e - +0 buckler
rNeg     . . .     Spirit   .   J - +2 robe {Archmagi}
rPois    +         Reflect  +   K - +1 helmet
rElec    .         Harm     .   O - +0 cloak {rCorr}
rCorr    +         Rampage  .   h - +0 pair of gloves
Will     +....                  w - +0 pair of boots
Stlth    +++.......             P - amulet of reflection
HPRegen  0.25/turn              G - +4 ring of evasion
MPRegen  0.28/turn              k - ring of fire

@: about to teleport
A: no striking features
a: Renounce Religion


You were on level 4 of the Swamp.
You worshipped Vehumet.
Vehumet was exalted by your worship.
You visited 6 branches of the dungeon, and saw 31 of its levels.
You visited the Abyss 1 time.
You also visited: Gauntlet.

You collected 3338 gold pieces.
You spent 1746 gold pieces at shops.

Inventory:

Hand Weapons
 D - the +5 flail "Metsaseu" (weapon) {drain, rPois rC+}
   (You found it on level 6 of the Dungeon)

   A truly terrible weapon, it drains the life of those it strikes.
   It protects you from cold.
   It protects you from poison.
 X - the +9 spear "Keaskergh" {vorpal, rElec rF+ Int-3}
   (You took it off an orc on level 12 of the Dungeon)

   It inflicts extra damage upon your enemies.
   It affects your intelligence (-3).
   It protects you from fire.
   It insulates you from electricity.
Missiles
 F - 3 throwing nets
Armour
 e - a +0 buckler (worn)
 h - a +0 pair of gloves (worn)
 s - a scarf of invisibility
 w - a +0 pair of boots (worn)
 J - a +2 robe of the Archmagi (worn)
 K - a +1 helmet (worn)
 O - a +0 cloak of preservation (worn)
Magical Staves
 R - an uncursed staff of fire
Jewellery
 k - a ring of fire (right hand)
 o - an uncursed ring of ice
 B - an uncursed ring of flight
 C - an uncursed ring of resist corrosion
 G - a +4 ring of evasion (left hand)
 P - an amulet of reflection (around neck)
 S - an uncursed ring of see invisible
 W - a +6 ring of intelligence
Wands
 a - a wand of iceblast (16)
 q - a wand of disintegration (31)
 r - a wand of digging (24)
 v - a wand of paralysis (45)
 H - a wand of acid (20)
Scrolls
 b - 5 scrolls of fear
 c - 7 scrolls of identify
 l - 2 scrolls of teleportation
 m - 13 scrolls of remove curse
 n - 7 scrolls of fog
 p - 4 scrolls of immolation
 x - 7 scrolls of enchant armour
 y - 3 scrolls of silence
 z - 7 scrolls of magic mapping
 A - a scroll of summoning
 Q - 3 scrolls of holy word
 U - a scroll of amnesia
 Y - 4 scrolls of enchant weapon
Potions
 d - 6 potions of mutation
 f - 6 potions of brilliance
 g - a potion of might
 i - 2 potions of invisibility
 j - 10 potions of ambrosia
 t - 6 potions of heal wounds
 u - 3 potions of flight
 I - 4 potions of lignification
 M - 2 potions of magic
 N - 3 potions of haste
 T - a potion of cancellation
 V - 12 potions of curing
 Z - 3 potions of berserk rage
Miscellaneous
 E - a box of beasts
 L - a box of beasts


   Skills:
 - Level 4.0 Fighting
 - Level 10.0 Dodging
 - Level 6.2 Stealth
 - Level 4.0 Shields
 + Level 18.8 Spellcasting
 + Level 16.7 Conjurations
 - Level 4.0 Summonings
 * Level 22.4 Fire Magic
 - Level 10.1 Evocations


You had 2 spell levels left.
You knew the following spells:

 Your Spells              Type           Power        Failure   Level
a - Foxfire               Conj/Fire      100%         0%          1
b - Conjure Flame         Conj/Fire      100%         0%          3
c - Sticky Flame          Conj/Fire      100%         0%          4
d - Fireball              Conj/Fire      71%          0%          5
e - Shock                 Conj/Air       100%         1%          1
f - Ignition              Fire           75%          1%          8
g - Spellforged Servitor  Conj/Summ      46%          5%          7
h - Iron Shot             Conj/Erth      42%          2%          6
i - Bolt of Magma         Conj/Fire/Erth 62%          1%          5
j - Orb of Destruction    Conj           56%          1%          7
k - Iskenderun's Battles  Conj           100%         1%          5

Your spell library contained the following spells:

 Spells                   Type           Power        Failure   Level
 Freezing Cloud           Conj/Ice/Air   37%          7%          6
 Magic Dart               Conj           100%         0%          1
 Animate Skeleton         Necr           80%          1%          1
 Apportation              Tloc           80%          1%          1
 Corona                   Hex            44%          1%          1
 Sting                    Tmut/Pois      100%         1%          1
 Summon Small Mammal      Summ           100%         1%          1
 Call Imp                 Summ           66%          1%          2
 Blink                    Tloc           N/A          2%          2
 Slow                     Hex            40%          2%          2
 Sublimation of Blood     Necr           20%          2%          2
 Dazzling Flash           Conj/Hex       100%         1%          3
 Ignite Poison            Fire/Tmut/Pois 100%         1%          3
 Inner Flame              Hex/Fire       100%         1%          3
 Mephitic Cloud           Conj/Pois/Air  74%          1%          3
 Stone Arrow              Conj/Erth      100%         1%          3
 Summon Guardian Golem    Hex/Summ       55%          1%          3
 Irradiate                Conj/Tmut      42%          1%          5
 Confusing Touch          Hex            40%          4%          3
 Gell's Gravitas          Tloc           20%          4%          3
 Summon Ice Beast         Ice/Summ       55%          7%          4
 Summon Lightning Spire   Summ/Air       55%          7%          4
 Yara's Violent Unravell  Hex/Tmut       20%          11%         5
 Petrify                  Tmut/Erth      40%          16%         4
 Alistair's Intoxication  Tmut/Pois      26%          38%         5
 Metabolic Englaciation   Hex/Ice        20%          38%         5
 Eringya's Noxious Bog    Tmut/Pois      20%          93%         6
 Hydra Form               Tmut           20%          93%         6
 Statue Form              Tmut/Erth      26%          93%         6
 Monstrous Menagerie      Summ           33%          94%         7
 Summon Greater Demon     Summ           33%          94%         7
 Malign Gateway           Summ/Tloc      27%          99%         7
 Dragon Form              Tmut           20%          100%        7
 Summon Horrible Things   Summ           33%          100%        8
 Dragon's Call            Summ           33%          100%        9


Dungeon Overview and Level Annotations

Branches:
Dungeon (15/15)            Temple (1/1) D:7            Lair (6/6) D:8
  Swamp (4/4) Lair:4       Spider (0/4) Lair:2        Slime (0/5) Lair:5
    Orc (2/2) D:11            Elf (3/3) Orc:2        Vaults (0/5) D:13
 Depths (0/5) D:15        Gauntlet (visited)

Altars:
Ashenzari
Cheibriados
Dithmenos
Elyvilon
Fedhas
Gozag
Hepliaklqana
Kikubaaqudgha
Makhleb
Nemelex Xobeh
Okawaru
Qazlal
Ru
Sif Muna
Trog
Uskayaw
Vehumet
Wu Jian
Xom
Yredelemnul
Zin
The Shining One
Beogh
Jiyva

Shops:
D:8 *   D:14 *   Orc:1 !   Orc:2 ?*==   Elf:1 [(((   Elf:2 [

Annotations:
Lair:4 2 runed translucent doors, Eckutwi's ghost, journeyman DEIE
Elf:3 3 runed translucent doors


Message History

The insubstantial wisp is severely damaged.
The fireball engulfs the insubstantial wisp.
The insubstantial wisp resists.
The insubstantial wisp is heavily damaged.
The bone dragon bites you.
* * * LOW HITPOINT WARNING * * *
The bone dragon closely misses you. The bone dragon tramples you!
* * * LOW HITPOINT WARNING * * *
You hold your ground!
You block the insubstantial wisp's attack.
The insubstantial wisp blinks!
As you read the scroll of teleportation, it crumbles to dust.
You feel strangely unstable.
The swamp drake zombie is engulfed in a cloud of scalding steam.
An insubstantial wisp comes into view.
The insubstantial wisp blinks!
The bone dragon bites you.
* * * LOW HITPOINT WARNING * * *
The bone dragon claws you but does no damage.
The bone dragon tramples you!
You die...

#### ##.≈##
##§§v§##
###..§§§§##
#.Z§ZD@§§≈##
#..§§#....§#
#...###..#..§v#
#... ##..# #v§#
. ##°°.# §.
##..°## #
#...## ##°.##
♣♣♣♣ ##○..#


You could see a bone dragon, 3 insubstantial wisps and a swamp drake zombie.

Vanquished Creatures
  Saint Roka (Elf:2)
  Bai Suzhen (Swamp:3)
  4 deep elf blademasters (Elf:3)
  4 deep elf master archers (Elf:3)
  A thorn hunter (Swamp:3)
  Donald (Elf:2)
  Kirke (Swamp:2)
  2 fenstrider witches
  8 deep elf sorcerers
  Louise (Swamp:2)
  An orc warlord (Orc:1)
  4 deep elf elementalists (Elf:3)
  A dire elephant (D:15)
  2 deep elf demonologists (Elf:3)
  7 deep elf annihilators (Elf:3)
  A minotaur (Gauntlet)
  5 eleionomae
  4 deep elf death magi
  3 deep elf high priests (Elf:3)
  A great orb of eyes (Gauntlet)
  2 boulder beetles
  10 hydras
  An ice dragon (D:14)
  3 vault guards (D:13)
  Harold (D:7)
  4 catoblepae
  2 alligators (Swamp:4)
  4 death yaks (Lair:6)
  12 two-headed ogres
  26 dancing weapons
  A nameless horror (Gauntlet)
  2 ogre magi (Orc:2)
  2 orc high priests
  18 deep elf knights
  Urug (Lair:2)
  5 goliath frogs (Swamp:1)
  7 bog bodies
  A death drake (Swamp:4)
  3 unseen horrors
  2 deep trolls (Orc:2)
  19 deep elf archers
  5 spectral hydras (Swamp:4)
  3 swamp dragons
  54 deep elf magi
  5 orc knights
  Pikel (D:4)
  An orange crystal statue (Gauntlet)
  A wolf spider zombie (D:15)
  4 oklob plants (Lair:2)
  5 orc sorcerers
  16 ugly things
  A wolf spider (D:15)
  3 manticores
  4 cyclopes
  3 will-o-the-wisps
  2 centaur zombies
  6 elephants
  A naga mage (D:15)
  Psyche (D:8)
  A guardian serpent (shapeshifter) (Elf:1)
  6 black mambas
  Maggie (D:7)
  A torpor snail (Lair:5)
  10 cane toads
  A yaktaur (shapeshifter) (D:14)
  2 gargoyles (D:12)
  8 rime drakes
  An efreet (D:14)
  8 komodo dragons
  6 swamp worm zombies (Swamp:4)
  An ice devil (Gauntlet)
  2 hydra zombies (Swamp:4)
  An ancient zyme (Abyss:2)
  2 bloated husks
  14 trolls
  4 hornets
  A tyrant leech (Swamp:2)
  3 polar bears
  2 spectral swamp dragons (Swamp:4)
  Prince Ribbit (D:7)
  20 blink frogs
  Sigmund (D:2)
  4 dream sheep (Lair:5)
  2 alligator zombies (Swamp:4)
  5 air elementals
  2 vampires
  4 spriggans
  A centaur simulacrum (D:12)
  3 water elementals
  6 wyverns
  8 humans (D:13)
  38 yaks
  2 hogs (Swamp:2)
  2 wraiths
  2 fire elementals (Elf:1)
  4 basilisks
  A steam dragon (D:8)
  A neqoxec (Abyss:2)
  15 swamp worms
  14 vampire mosquitoes
  Menkaure (D:7)
  6 wargs
  An acid dragon (D:14)
  A swamp drake (Lair:4)
  Duvessa (D:7)
  16 water moccasins
  6 ice beasts
  45 orc warriors
  6 phantoms
  A sky beast (D:7)
  2 black bears
  2 necrophages
  5 swamp dragon zombies (Swamp:4)
  26 ogres
  21 wolves
  16 centaurs
  A lemure (D:4)
  24 bullfrogs
  6 big kobolds
  An earth elemental (Elf:3)
  A wyvern zombie (D:11)
  Dowan (D:7)
  3 wyvern skeletons
  9 scorpions
  20 wights
  2 howler monkeys (D:8)
  2 electric eels
  2 bullfrog zombies (D:9)
  4 hounds
  2 quasits
  A jelly (D:9)
  25 orc wizards
  2 bullfrog skeletons
  3 centaur skeletons
  3 human zombies (D:15)
  25 orc priests
  Crazy Yiuf (D:3)
  Terence (D:3)
  Jessica (D:3)
  5 iguanas
  10 worker ants
  A human skeleton (D:15)
  An ogre skeleton (D:15)
  2 hound skeletons
  A mummy (D:15)
  A worker ant zombie (D:11)
  Robin (D:3)
  A howler monkey skeleton (D:8)
  7 gnolls
  12 adders
  2 shadow imps (D:7)
  8 white imps
  5 ufetubi
  3 oozes
  4 worms
  4 dart slugs
  7 leopard geckos
  93 orcs
  4 bats
  5 giant cockroaches
  21 goblins
  8 hobgoblins
  15 jackals
  6 quokkas
  A ball python (D:1)
  6 frilled lizards
  A giant cockroach zombie (D:5)
  2 jackal skeletons
  32 kobolds
  An orc zombie (D:15)
  6 rats
  A bush (Lair:4)
  4 crawling corpses (Elf:3)
1083 creatures vanquished.

Vanquished Creatures (collateral kills)
  A thorn hunter (Swamp:4)
  A swamp drake (Swamp:2)
  12 foxfires
14 creatures vanquished.

Vanquished Creatures (others)
  A vault guard (D:13)
  2 humans (Swamp:2)
  An ogre (D:3)
  14 demonic plants (Gauntlet)
  2691 foxfires
  45 fungi
  86 plants
  A starspawn tentacle (Abyss:2)
2841 creatures vanquished.

Grand Total: 3938 creatures vanquished

Notes
Turn   | Place    | Note
-------+----------+-------------------------------------------
     0 | D:1      | Arthanis the Deep Elf Fire Elementalist began the quest for
                  | the Orb.
     0 | D:1      | Reached XP level 1. HP: 10/10 MP: 6/6
   265 | D:1      | Reached XP level 2. HP: 15/15 MP: 4/8
   886 | D:1      | Reached skill level 4 in Fire Magic
  1014 | D:1      | Reached XP level 3. HP: 19/19 MP: 2/10
  1171 | D:1      | Learned a level 3 spell: Conjure Flame
  1916 | D:2      | Found a snail-covered altar of Cheibriados.
  1938 | D:2      | Noticed Sigmund
  1960 | D:2      | Killed Sigmund
  1961 | D:2      | Reached skill level 5 in Fire Magic
  1961 | D:2      | Reached XP level 4. HP: 16/24 MP: 3/12
  1961 | D:2      | Reached XP level 5. HP: 19/28 MP: 3/14
  2079 | D:2      | Learned a level 4 spell: Sticky Flame
  2085 | D:2      | Learned a level 5 spell: Fireball
  2126 | D:2      | Found an iron altar of Okawaru.
  2765 | D:2      | Reached XP level 6. HP: 32/32 MP: 12/15
  3074 | D:3      | Found a sacrificial altar of Ru.
  3082 | D:3      | Reached skill level 5 in Spellcasting
  3129 | D:3      | Found an ancient bone altar of Kikubaaqudgha.
  3144 | D:3      | Noticed Jessica
  3149 | D:3      | Killed Jessica
  3322 | D:3      | Found a runed translucent door.
  3323 | D:3      | Noticed Crazy Yiuf
  3377 | D:3      | Reached skill level 6 in Fire Magic
  3629 | D:3      | Noticed Robin
  3747 | D:3      | Killed Robin
  4124 | D:3      | Noticed Terence
  4192 | D:3      | Killed Terence
  4604 | D:3      | Killed Crazy Yiuf
  4946 | D:3      | Reached XP level 7. HP: 19/36 MP: 5/17
  5368 | D:4      | Reached skill level 7 in Fire Magic
  6093 | D:4      | Noticed Pikel
  6123 | D:4      | Killed Pikel
  6124 | D:4      | Reached skill level 5 in Conjurations
  6124 | D:4      | Reached skill level 8 in Fire Magic
  6124 | D:4      | Reached XP level 8. HP: 41/41 MP: 8/20
  6613 | D:4      | Reached skill level 9 in Fire Magic
  6687 | D:4      | Found a glowing golden altar of the Shining One.
  6954 | D:5      | Entered Level 5 of the Dungeon
  7003 | D:5      | Found a hazy altar of Hepliaklqana.
  7788 | D:5      | Reached XP level 9. HP: 45/45 MP: 19/23
  8496 | D:6      | Got a smouldering flail
  8550 | D:6      | Identified the +5 flail "Metsaseu" {drain, rPois rC+} (You
                  | found it on level 6 of the Dungeon)
  8781 | D:6      | Reached skill level 10 in Fire Magic
  9137 | D:7      | Noticed Prince Ribbit
  9143 | D:7      | Killed Prince Ribbit
  9183 | D:7      | Noticed Menkaure
  9183 | D:7      | Noticed Harold
  9325 | D:7      | Found a staircase to the Ecumenical Temple.
  9331 | Temple   | Entered the Ecumenical Temple
  9440 | Temple   | Became a worshipper of Vehumet
  9615 | D:7      | Killed Harold
  9635 | D:7      | Killed Menkaure
  9636 | D:7      | Reached skill level 11 in Fire Magic
  9866 | D:7      | Found a basalt altar of Yredelemnul.
 10025 | D:7      | Noticed Maggie
 10037 | D:7      | Killed Maggie
 10038 | D:7      | Reached XP level 10. HP: 30/50 MP: 12/25
 10180 | D:7      | Found a burning altar of Makhleb.
 10275 | D:7      | Noticed Duvessa
 10275 | D:7      | Noticed Dowan
 10444 | D:7      | Killed Duvessa
 10448 | D:7      | Killed Dowan
 10545 | D:8      | Reached * piety under Vehumet
 10545 | D:8      | Offered knowledge of Shock by Vehumet.
 10548 | D:8      | Learned a level 1 spell: Shock
 10566 | D:8      | Reached skill level 10 in Spellcasting
 10703 | D:8      | Found Pixobbop's Mayhem Merchandise.
 11065 | D:8      | Reached skill level 12 in Fire Magic
 11094 | D:8      | Noticed Psyche
 11221 | D:8      | Killed Psyche
 11661 | D:8      | Found a staircase to the Lair.
 11838 | D:9      | Noticed a two-headed ogre
 11853 | D:9      | Killed a two-headed ogre
 12132 | D:9      | Offered knowledge of Searing Ray by Vehumet.
 12193 | D:9      | Reached ** piety under Vehumet
 12294 | D:9      | Reached skill level 13 in Fire Magic
 12295 | D:9      | Reached XP level 11. HP: 18/54 MP: 2/28
 13045 | D:9      | Offered knowledge of Mephitic Cloud by Vehumet.
 13051 | D:9      | Learned a level 3 spell: Mephitic Cloud
 13186 | D:10     | Entered Level 10 of the Dungeon
 13189 | D:10     | Got a masterwork battleaxe
 13190 | D:10     | Identified the +3 battleaxe "Makut" {vorpal, rN+} (You
                  | found it on level 10 of the Dungeon)
 13340 | D:10     | Noticed a cyan ugly thing
 13356 | D:10     | Killed a cyan ugly thing
 13828 | D:10     | Reached *** piety under Vehumet
 13985 | D:11     | Noticed a cyan ugly thing
 13993 | D:11     | Killed a cyan ugly thing
 14098 | D:11     | Noticed a two-headed ogre
 14128 | D:11     | Killed a two-headed ogre
 14129 | D:11     | Reached skill level 1 in Fighting
 14129 | D:11     | Reached skill level 1 in Evocations
 14241 | D:11     | Noticed a two-headed ogre
 14250 | D:11     | Killed a two-headed ogre
 14271 | D:11     | Noticed an unseen horror
 14283 | D:11     | Killed an unseen horror
 14284 | D:11     | Reached skill level 10 in Conjurations
 14293 | D:11     | HP: 1/57 [orc/cursed -2 short sword (2)]
 14298 | D:11     | HP: 2/57 [orc priest/+0 dagger (2)]
 15046 | D:11     | Found a staircase to the Orcish Mines.
 15048 | D:11     | Offered knowledge of Dazzling Flash by Vehumet.
 15466 | D:11     | Reached skill level 14 in Fire Magic
 15697 | D:12     | Noticed a green ugly thing
 15701 | D:12     | Killed a green ugly thing
 15875 | D:12     | Noticed a boulder beetle
 15882 | D:12     | Killed a boulder beetle
 16083 | D:12     | Found a shimmering altar of Xom.
 16318 | D:12     | Reached XP level 12. HP: 62/62 MP: 25/30
 16355 | D:12     | Noticed a two-headed ogre
 16359 | D:12     | Killed a two-headed ogre
 16428 | D:12     | Reached **** piety under Vehumet
 16496 | D:12     | Noticed a death knight
 16907 | D:12     | Noticed a four-headed hydra
 16911 | D:12     | Killed a four-headed hydra
 17016 | D:12     | Identified the +9 spear "Keaskergh" {vorpal, rElec rF+
                  | Int-3}
 17168 | D:12     | Reached skill level 15 in Fire Magic
 17750 | D:13     | Killed a vault guard
 17763 | D:13     | Offered knowledge of Hailstorm by Vehumet.
 17891 | D:13     | Reached skill level 1 in Shields
 18249 | D:13     | Noticed a vault guard
 18466 | D:13     | Killed a vault guard
 18466 | D:13     | Noticed a vault guard
 18530 | D:13     | Killed a vault guard
 18531 | D:13     | Reached skill level 5 in Dodging
 18662 | D:13     | Found a gate to the Vaults.
 18704 | D:13     | Noticed a vault guard
 18747 | D:13     | Killed a vault guard
 19249 | D:14     | Noticed an ice dragon
 19254 | D:14     | Killed an ice dragon
 19367 | D:14     | Found Idaut's Assorted Antiques.
 19375 | D:14     | Bought a potion of curing for 99 gold pieces
 19375 | D:14     | Bought a scroll of teleportation for 99 gold pieces
 19375 | D:14     | Bought a potion of curing for 99 gold pieces
 19375 | D:14     | Bought a scroll labelled WOBONW HALUCS for 33 gold pieces
 19654 | D:14     | Reached XP level 13. HP: 66/66 MP: 18/32
 19894 | D:14     | Reached ***** piety under Vehumet
 19972 | D:14     | Offered knowledge of Spellforged Servitor by Vehumet.
 20813 | D:15     | Entered Level 15 of the Dungeon
 20984 | D:15     | Found a basalt altar of Yredelemnul.
 21053 | D:15     | Noticed a dire elephant
 21316 | D:15     | Reached skill level 16 in Fire Magic
 21643 | D:15     | Killed a dire elephant
 22117 | D:15     | Found a staircase to the Depths.
 22338 | Orc:1    | Entered Level 1 of the Orcish Mines
 22471 | Orc:1    | Learned a level 7 spell: Spellforged Servitor
 22472 | Orc:2    | Entered Level 2 of the Orcish Mines
 22472 | Orc:2    | Found a bloodstained altar of Trog.
 23489 | Orc:1    | Found a roughly hewn altar of Beogh.
 23550 | Orc:1    | Offered knowledge of Iron Shot by Vehumet.
 23563 | Orc:1    | Learned a level 6 spell: Iron Shot
 23693 | Orc:1    | Noticed an orc warlord
 23698 | Orc:1    | Killed an orc warlord
 23727 | Orc:1    | Found Cachin's Distillery.
 23767 | Orc:1    | Reached skill level 5 in Evocations
 23959 | Orc:1    | Bought 2 potions of flight for 90 gold pieces
 23959 | Orc:1    | Bought a potion of haste for 150 gold pieces
 23959 | Orc:1    | Bought a potion of curing for 45 gold pieces
 23959 | Orc:1    | Bought a potion of heal wounds for 75 gold pieces
 23959 | Orc:1    | Bought a potion of curing for 45 gold pieces
 23959 | Orc:1    | Bought a potion of berserk rage for 75 gold pieces
 24157 | Orc:1    | Reached XP level 14. HP: 60/74 MP: 5/34
 24861 | Orc:1    | Found a roughly hewn altar of Beogh.
 25125 | Orc:2    | Found a staircase to the Elven Halls.
 25459 | Orc:2    | Reached skill level 17 in Fire Magic
 26248 | Orc:2    | Found Dajown's Jewellery Emporium.
 26248 | Orc:2    | Found Lyuhae's Jewellery Emporium.
 26252 | Orc:2    | Found Nollaimi's General Store.
 26261 | Orc:2    | Found Plog's Magic Scroll Shoppe.
 26270 | Orc:2    | Bought a scroll of identify for 30 gold pieces
 26270 | Orc:2    | Bought a scroll of identify for 30 gold pieces
 26284 | Orc:2    | Bought a cursed +4 ring of evasion for 396 gold pieces
 26289 | Orc:2    | Bought an uncursed amulet of reflection for 480 gold pieces
 26739 | Lair:1   | Entered Level 1 of the Lair of Beasts
 26747 | Lair:1   | Reached skill level 15 in Spellcasting
 26748 | D:8      | Offered knowledge of Lee's Rapid Deconstruction by Vehumet.
 28124 | Lair:2   | Got a twisted long sword
 28125 | Lair:2   | Identified the cursed +1 long sword of Generosity {holy,
                  | SInv} (You found it on level 2 of the Lair of Beasts)
 28315 | Lair:2   | Noticed Urug
 28317 | Lair:2   | Killed Urug
 28526 | Lair:2   | Found a hole to the Spider Nest.
 28623 | Lair:2   | Reached skill level 18 in Fire Magic
 28874 | Lair:2   | Reached XP level 15. HP: 80/80 MP: 11/36
 30567 | Lair:4   | Found a large runed translucent door.
 30567 | Lair:4   | Found a large runed translucent door.
 30567 | Lair:4   | Noticed Eckutwi's ghost (journeyman DEIE)
 30611 | Lair:4   | Found a gate leading to a gauntlet.
 30646 | Gauntlet | Entered a Gauntlet
 30646 | Gauntlet | Found a transporter.
 30646 | Gauntlet | Found a transporter.
 30646 | Gauntlet | Found a transporter.
 30646 | Gauntlet | Found a transporter.
 30751 | Gauntlet | Found a transporter.
 30825 | Gauntlet | Found a transporter.
 30835 | Gauntlet | Found a transporter.
 30903 | Gauntlet | Found a transporter.
 31089 | Gauntlet | Found the +9 scales of the Dragon King {rPois rF+ rC+
                  | Will+}
 31096 | Gauntlet | Got a bloodstained robe
 31097 | Gauntlet | Identified the +3 robe "Vouth" {Will+} (You found it in a
                  | Gauntlet)
 31098 | Gauntlet | Identified the +3 hand crossbow of Youthful Indiscretion
                  | {elec, *Slow rPois Will+ Dex+4} (You found it in a
                  | Gauntlet)
 31487 | Lair:4   | Reached skill level 1 in Summonings
 31999 | Lair:4   | Found a staircase to the Swamp.
 32206 | Lair:5   | Learned a level 5 spell: Bolt of Magma
 32216 | Lair:5   | Learned a level 7 spell: Orb of Destruction
 32793 | Lair:5   | Found a viscous altar of Jiyva.
 32793 | Lair:5   | Found a staircase to the Slime Pits.
 32847 | Lair:5   | Offered knowledge of Starburst by Vehumet.
 33145 | Lair:6   | Entered Level 6 of the Lair of Beasts
 34492 | Lair:6   | Identified the +8 war axe of Xiwid {venom, rPois MP-9 Dex+4
                  | SInv} (You found it on level 6 of the Lair of Beasts)
 34939 | Swamp:1  | Entered Level 1 of the Swamp
 34947 | Swamp:1  | Reached skill level 19 in Fire Magic
 35418 | Elf:1    | Entered Level 1 of the Elven Halls
 35483 | Elf:1    | Found Utzon's Antique Weapon Shop.
 35483 | Elf:1    | Found Pupriu's Armour Boutique.
 35484 | Elf:1    | Found Baruinn's Weapon Shop.
 35488 | Elf:1    | Found Qinarph's Antique Weapon Boutique.
 35511 | Elf:1    | Reached XP level 16. HP: 54/84 MP: 38/38
 35702 | Elf:1    | Learned a level 5 spell: Iskenderun's Battlesphere
 36018 | Elf:1    | Reached ****** piety under Vehumet
 36241 | Elf:1    | Offered knowledge of Conjure Ball Lightning by Vehumet.
 36242 | Elf:1    | Reached skill level 10 in Dodging
 37429 | Elf:2    | Found Eqaiguudgh's Armour Boutique.
 37818 | Elf:2    | Found a runed translucent gate.
 37818 | Elf:2    | Found a runed translucent gate.
 37818 | Elf:2    | Found a runed translucent gate.
 38148 | Elf:2    | Noticed Saint Roka
 38154 | Elf:2    | Killed Saint Roka
 38332 | Elf:2    | Noticed Donald
 38341 | Elf:2    | Killed Donald
 38342 | Elf:2    | Reached skill level 20 in Fire Magic
 38463 | Elf:2    | Noticed a deep elf blademaster
 39013 | Elf:2    | Reached skill level 10 in Evocations
 39047 | Elf:2    | Reached skill level 15 in Conjurations
 39067 | Elf:2    | Offered knowledge of Ozocubu's Refrigeration by Vehumet.
 39068 | Elf:2    | Reached XP level 17. HP: 88/88 MP: 21/40
 39290 | Elf:3    | Entered Level 3 of the Elven Halls
 39453 | Elf:3    | Cast into level 2 of the Abyss (a deep elf sorcerer)
 39515 | Abyss:2  | Found a corrupted altar of Lugonu.
 39522 | Abyss:2  | Identified Duifiodu's Tome of the Destructive Arsonist
 39719 | Elf:3    | Escaped the Abyss
 39752 | Elf:3    | Reached skill level 5 in Stealth
 40986 | Elf:3    | Identified the Grimoire of the Escort
 41143 | Elf:3    | Found a runed translucent gate.
 41143 | Elf:3    | Found a runed translucent gate.
 41144 | Elf:3    | Found a runed translucent gate.
 41145 | Elf:3    | Noticed a tentacled monstrosity
 41148 | Elf:3    | Noticed a tentacled monstrosity
 41170 | Elf:3    | Reached skill level 21 in Fire Magic
 41302 | Elf:3    | Identified the +3 falchion of Dissent {freeze, rC+}
 41562 | Elf:3    | Noticed a deep elf master archer
 41564 | Elf:3    | Killed a deep elf master archer
 41609 | Elf:3    | Noticed a deep elf blademaster
 41613 | Elf:3    | Killed a deep elf blademaster
 41662 | Elf:3    | Noticed a deep elf blademaster
 41667 | Elf:3    | Killed a deep elf blademaster
 41832 | Elf:3    | Noticed a deep elf blademaster
 41835 | Elf:3    | Killed a deep elf blademaster
 42102 | Elf:3    | Reached XP level 18. HP: 94/94 MP: 32/41
 42463 | Elf:3    | Identified the Handbook of Envenoming and the Volcanoes
 42475 | Elf:3    | Identified the Grimoire of Summoning
 42712 | Elf:3    | Learned a level 8 spell: Ignition
 43111 | Swamp:1  | Offered knowledge of Freezing Cloud by Vehumet.
 43167 | Swamp:3  | Noticed Bai Suzhen
 43171 | Swamp:3  | Killed Bai Suzhen
 43248 | Swamp:2  | Noticed Kirke
 43259 | Swamp:2  | Killed Kirke
 43406 | Swamp:2  | Noticed Louise
 43410 | Swamp:2  | Killed Louise
 43440 | Swamp:1  | Reached skill level 22 in Fire Magic
 43501 | Swamp:4  | Entered Level 4 of the Swamp
 44203 | Swamp:4  | Noticed a bone dragon
 44211 | Swamp:4  | Slain by a bone dragon

Illustrated notes

Levels and vault maps discovered:
D:1:      minmay_arrival_three_doors, layout_basic, serial_bayou_lake_a
D:2:      layout_basic, cheibriados_altar_1, kennysheep_okawaru_gauntlet,
          minmay_quantized, uniq_sigmund
D:3:      layout_loops_ring, general_overflow_altar,
          nicolae_ru_sacrificial_ziggurat, uniq_crazy_yiuf_cottage,
          uniq_jessica, uniq_robin, uniq_terence
D:4:      layout_basic, kennysheep_mini_moat, minmay_misc_feat_five, uniq_pikel
D:5:      layout_basic, nicolae_overflow_hidden_temple
D:6:      layout_basic
D:7:      layout_gridville, lightli_temple_of_fire, kennysheep_mini,
          temple_fountains, minmay_misc_feat_iff, uniq_prince_ribbit1,
          uniq_menkaure, uniq_maggie, uniq_harold, uniq_duvessa
D:8:      layout_rooms, erik_lair_dragon, minmay_shop_mayhem, uniq_psyche
D:9:      layout_irregular_city, serial_column_ruins, column_ruins_open_medium,
          column_ruins_open_tiny, column_ruins_open_tiny,
          column_ruins_columns_corner, column_ruins_open_tiny
D:10:     layout_rooms, minmay_variable_closet
D:11:     layout_loops_cross, orc_0_dummy, minmay_fractal_squares_diagonal_5
D:12:     layout_roguey, xom_teletrap_fun
D:13:     layout_roguey, ximxim_vaults_locker_room
D:14:     layout_stronghold, kennysheep_cross_room, serial_shops,
          nicolae_shop_overgrown_old_shop
D:15:     hangedman_depths_entry_try_elsewhere_first, layout_cave_pools,
          lemuel_mausoleum_altar_yredelemnul
Temple:   regret_index_temple_waves
Lair:1:   layout_cave_shapes, beast_lair_carwin_4
Lair:2:   layout_chaotic_city, dummy_spider_entry, st_stairs_6,
          chequers_serial_rivers_micro_e, serial_bayou_lagoon_b,
          serial_bayou_shore_b, grunt_megastairs_1, serial_bayou_shore_b,
          lemuel_fruit_tree, minmay_lair_oklob_chamber, uniq_urug
Lair:3:   layout_chaotic_city, kennysheep_catoblepas_arena
Lair:4:   wad_woods_04, layout_misc_corridors,
          nicolae_swamp_entry_splash_gauntlet, gauntlet_entry_generic,
          ebering_ghost_disaster_area
Lair:5:   layout_small_grid, dpeg_slime_entry_enclosed_altar, minmay_holes
Lair:6:   evilmike_catoblepas_cave, layout_regular_city, minmay_lair_drake_nest
Swamp:1:  layout_falls_marsh, evilmike_swamp_ruin_rubble_1
Swamp:2:  layout_basic_swamp, evilmike_swamp_ruin_house_2, swamp_pool2,
          uniq_kirke, uniq_louise
Swamp:3:  layout_falls_marsh, hangedman_swamp_cone, uniq_bai_suzhen
Swamp:4:  swamp_pestilence, layout_basic_swamp, infiniplex_staircase_pool
Orc:1:    orc_temple, layout_caves, serial_shops, nicolae_shop_stone,
          basic_altar
Orc:2:    st_orc_open, layout_diamond_mine, basic_altar
Elf:1:    layout_geoelf_octagon, minmay_shoptagon
Elf:2:    layout_geoelf_grid, serial_shops, shop, uniq_donald, uniq_saint_roka
Elf:3:    minmay_elf_hall_statues, layout_gridlike,
          ploomutoo_gammafunk_ghost_potion_laboratory, minivault_11,
          minmay_elf_demonology

Skill      XL: |  1  2  3  4  5  6  7  8  9 10 11 12 13 14 15 16 17 18 |
---------------+-------------------------------------------------------+-----
Fire Magic     | 4 5 6 8 9 11 13 14 15 16 18 19 20 21 22 | 22.4
Conjurations   | 3 4 5 6 7 9 10 11 12 13 14 15 16 | 16.7
Spellcasting   | 4 5 7 8 9 11 12 13 14 15 16 17 18 | 18.8
Dodging        | 3 4 6 7 8 9 10 | 10.0
Stealth        | 3 6 |  6.2
Fighting       | 2 3 4 |  4.0
Evocations     | 2 4 5 6 7 10 | 10.1
Shields        | 4 |  4.0
Summonings     | 3 4 |  4.0

Action                   |  1- 3 |  4- 6 |  7- 9 | 10-12 | 13-15 | 16-18 || total
-------------------------+-------+-------+-------+-------+-------+-------++-------
Melee: Unarmed           |     1 |       |       |       |       |       ||     1
       Dagger            |     1 |       |       |       |       |       ||     1
       Scythe            |       |    19 |     9 |       |       |       ||    28
       Flail             |       |       |     8 |    28 |    69 |       ||   105
       Spear             |       |       |       |     5 |       |       ||     5
       Staff             |       |       |       |       |       |     3 ||     3
 Cast: Foxfire           |   105 |   134 |   327 |   513 |   518 |    22 ||  1619
       Conjure Flame     |       |     6 |     1 |     9 |     2 |       ||    18
       Sticky Flame      |       |     4 |    10 |    53 |    96 |    14 ||   177
       Fireball          |       |       |     3 |   104 |   325 |   182 ||   614
       Shock             |       |       |       |    20 |       |       ||    20
       Mephitic Cloud    |       |       |       |     3 |     5 |       ||     8
       Orb of Destructio |       |       |       |       |    15 |   134 ||   149
       Iron Shot         |       |       |       |       |     2 |     1 ||     3
       Bolt of Magma     |       |       |       |       |       |     2 ||     2
       Ignition          |       |       |       |       |       |    12 ||    12
       Spellforged Servi |       |       |       |       |       |     2 ||     2
Evoke: Wand              |       |       |       |       |     2 |       ||     2
  Use: Potion            |       |     1 |       |     3 |       |     4 ||     8
       Scroll            |       |       |    13 |    10 |    15 |    10 ||    48
 Stab: Sleeping          |     1 |     5 |       |       |     2 |       ||     8
       Confused          |       |       |       |       |     1 |       ||     1
Armor: Robe              |     1 |     8 |    18 |    56 |    52 |    16 ||   151
Dodge: Dodged            |    15 |    23 |    64 |   137 |   202 |    82 ||   523
Block: Buckler           |       |       |       |       |    52 |    63 ||   115
       Reflection        |       |       |       |       |       |    20 ||    20

Table legend: (Time is in decaauts)
 A = Elapsed time spent in this place.
 B = Non-inter-level travel time spent in this place.
 C = Inter-level travel time spent in this place.
 D = Time resting spent in this place.
 E = Time spent auto-exploring this place.
 F = Levels seen in this place.
 G = Mean time per level.
                   A        B        C        D        E       F      G
               +--------+--------+--------+--------+--------+-----+--------+
         Total |  44469 |  42443 |   2026 |   4831 |  29889 |  33 | 1347.5 |
       Dungeon |  22782 |  21497 |   1285 |   2013 |  15968 |  15 | 1518.8 |
        Temple |    258 |    239 |     19 |     90 |     97 |   1 |  258.0 |
          Lair |   7960 |   7575 |    385 |    238 |   6395 |   6 | 1326.7 |
         Swamp |   1345 |   1336 |      9 |    579 |     41 |   4 |  336.2 |
  Orcish Mines |   4312 |   4120 |    192 |    773 |   2377 |   2 | 2156.0 |
   Elven Halls |   7110 |   6976 |    134 |    847 |   5011 |   3 | 2370.0 |
         Abyss |    248 |    248 |      0 |      0 |      0 |   1 |  248.0 |
      Gauntlet |    451 |    451 |      0 |    291 |      0 |   1 |  451.0 |
               +--------+--------+--------+--------+--------+-----+--------+

Top non-repeatable levels by time:
   Elf:2: 2937 daAuts
   Orc:1: 2840 daAuts
   Elf:3: 2599 daAuts
     D:3: 2359 daAuts
    D:14: 2217 daAuts
    D:13: 1787 daAuts
     D:2: 1785 daAuts
  Lair:6: 1759 daAuts
    D:11: 1755 daAuts
    D:12: 1671 daAuts
     D:4: 1608 daAuts
   Elf:1: 1573 daAuts
  Lair:2: 1535 daAuts
     D:9: 1489 daAuts
   Orc:2: 1471 daAuts
